 Dungeon Crawl Stone Soup version 0.16.1-4-g8e1b745 (console) character file.

13 gw the Charlatan (level 2, 0/16 HPs)
             Began as a Deep Elf Artificer on Mar 28, 2015.
             Succumbed to a kobold's poison
             ... on level 3 of the Dungeon.
             The game lasted 00:00:18 (383 turns).

gw the Charlatan (Deep Elf Artificer)                Turns: 383, Time: 00:00:18

Health: 0/16       AC:  3    Str:  8    XL:     2   Next: 24%
Magic:  5/5        EV: 12    Int: 16    God:
Gold:   12         SH:  0    Dex: 15    Spells: 0 memorised, 1 level left

rFire  . . .     SeeInvis .     a - +0 short sword
rCold  . . .     Clarity  .     e - +0 leather armour
rNeg   . . .     SustAb   .     (no shield)
rPois  .         Gourm    .     (no helmet)
rElec  .         Spirit   .     (no cloak)
rCorr  .         Warding  .     (no gloves)
rMut   .         Stasis   .     (no boots)
MR     .....                    (no amulet)
Stlth  ++........               (no ring)
                                (no ring)

@: lethally poisoned (0 -> -12), not resistant to hostile enchantments,
unstealthy
A: no striking features
a: no special abilities


You were on level 3 of the Dungeon.
You were not hungry.

You visited 1 branch of the dungeon, and saw 3 of its levels.

You collected 12 gold pieces.

Inventory:

Hand weapons
 a - a +0 short sword (weapon)
Armour
 e - a +0 leather armour (worn)
Magical devices
 b - a wand of flame (12)
 c - a wand of enslavement (15)
 d - a wand of random effects (13)
Potions
 g - a potion of brilliance {unknown}
Comestibles
 f - a bread ration


   Skills:
 + Level 1.2 Fighting
 * Level 1.6 Short Blades
 + Level 2.8 Dodging
 - Level 1.2 Stealth
 - Level 3.2 Evocations


You had one spell level left.
You didn't know any spells.

Dungeon Overview and Level Annotations

Branches:
Dungeon (3/15)

Altars:
Ashenzari


Message History

You swing at nothing.
You feel sick.
Unknown command.
Unknown command.
Unknown command.
Unknown command.
ATTACKING (0,-1)
You swing at nothing.
Unknown command.
Unknown command.
Unknown command.
Unknown command.
ATTACKING (0,-1)
You swing at nothing.
You feel sick.
Unknown command.
Unknown command.
Unknown command.
Unknown command.
ATTACKING (0,1)
You swing at nothing.
You die...

#..# ###### #####.
#..###....#+#....#
#.........#_#.....
#.#####?........###..[.#
#......((.###.....%...##
#######.#.# #.........#
#(#.# ##......### #(#.#
#.###### #e#.# #.# #)#.#
#.# ..#.# #.# #.##.# #.#
#. . #.# .# .>. # #.#
#.#


There were no monsters in sight!

Table legend:
 A = Turns spent in this place as a percentage of turns spent in the entire game.
 B = Non-inter-level travel turns spent in this place as a percentage of non-inter-level travel turns spent in the entire game.
 C = Inter-level travel turns spent in this place as a percentage of turns spent in this place.
 D = Turns resting spent in this place as a percentage of non-inter-level travel turns spent in this place.
 E = Turns spent auto-exploring this place as a percentage of non-inter-level travel turns spent in this place.
 F = Non-inter-level travel turns spent in this place divided by the number of levels of this place that you've seen.
                   A       B       C       D       E      F
               +-------+-------+-------+-------+-------+----------------------
         Total | 100.0 | 100.0 |   2.2 |   1.5 |   1.7 | 136.0
       Dungeon | 100.0 | 100.0 |   2.2 |   1.5 |   1.7 | 136.0
               +-------+-------+-------+-------+-------+----------------------

Table legend:
 A = Kills in this place as a percentage of kills in entire the game.
 B = Kills by you in this place as a percentage of kills by you in the entire game.
 C = Kills by friends in this place as a percentage of kills by friends in the entire game.
 D = Other kills in this place as a percentage of other kills in the entire game.
 E = Experience gained in this place as a percentage of experience gained in the entire game.
 F = Experience gained in this place divided by the number of levels of this place that you have seen.
                   A       B       C       D       E      F
               +-------+-------+-------+-------+-------+----------------------
         Total | 100.0 | 100.0 |  -nan |  -nan | 100.0 |   6.3
       Dungeon | 100.0 | 100.0 |  -nan |  -nan | 100.0 |   6.3
               +-------+-------+-------+-------+-------+----------------------

Vanquished Creatures
  A worm (D:2)
  A ball python (D:1)
  A bat (D:3)
  A giant cockroach (D:3)
  A kobold (D:3)
  A giant newt (D:2)
6 creatures vanquished.

Notes
Turn   | Place    | Note
--------------------------------------------------------------
     0 | D:1      | gw, the Deep Elf Artificer, began the quest for the Orb.
     0 | D:1      | Reached XP level 1. HP: 11/11 MP: 2/2
    93 | D:2      | Reached skill level 1 in Fighting
    93 | D:2      | Reached XP level 2. HP: 4/16 MP: 5/5
   336 | D:3      | Found a shattered altar of Ashenzari.
   383 | D:3      | Succumbed to a kobold's poison

Action                   || total
-------------------------++-------
Melee: Short sword       ||    12
Evoke: Wand              ||     5

Vault maps used:
D:1:      tarquinn_simple_flora_water_a
D:2:      lemuel_doored_altar, first_bread, serial_bayou_pond_b
D:3:      ashenzari_conservatory_becter, old_standard_altar,
          grunt_decor_arrowhead
